 Dungeon Crawl Stone Soup version 0.25.1-2-g60ff931df9 (webtiles) character file.

Game seed: 16059343234921438561

43323 Peloso the Fencer (level 13, -1/118 HPs)
             Began as a Minotaur Fighter on Aug 16, 2020.
             Was the Champion of Okawaru.
             Slain by an orc knight
             ... wielding a +0 war axe
              (23 damage)
             ... on level 1 of the Orcish Mines.
             The game lasted 00:37:54 (16553 turns).

Peloso the Fencer (Minotaur Fighter)               Turns: 16553, Time: 00:37:54

Health: -1/118     AC: 22    Str: 27    XL:     13   Next: 90%
Magic:  12/12      EV: 15    Int:  5    God:    Okawaru [******]
Gold:   863        SH:  0    Dex: 23    Spells: 12/12 levels left

rFire    . . .     SeeInvis .   a - +1 double sword
rCold    + . .     Gourm    .   c - +2 kite shield
rNeg     . . .     Faith    .   Q - +0 plate armour "Ighadgh" {rElec rPois MR++ Str+3}
rPois    +         Spirit   .   (helmet restricted)
rElec    +         Reflect  .   L - +1 cloak of Starlight {rElec rC+ EV+4 Stlth--}
rCorr    .         Harm     .   J - +1 pair of gloves {Dex+3}
MR       +++..                  (no boots)
Stlth    ..........             (no amulet)
HPRegen  0.29/turn              j - +6 ring of dexterity
MPRegen  0.13/turn              q - ring of protection from magic

@: confused
A: retaliatory headbutt, horns 2, icy blue scales 1, agile 1
a: Heroism, Finesse, Renounce Religion


You were on level 1 of the Orcish Mines.
You worshipped Okawaru.
Okawaru was exalted by your worship.
You were hungry.

You visited 4 branches of the dungeon, and saw 18 of its levels.
You also visited: Ice Cave.

You collected 1278 gold pieces.
You spent 415 gold pieces at shops.

Inventory:

Hand Weapons
 a - a +1 double sword (weapon)
 b - a -2 demon blade
Missiles
 E - 130 bolts
Armour
 c - a +2 kite shield (worn)
 B - a +2 cloak
 J - a +1 pair of gloves of dexterity (worn)
 L - the +1 cloak of Starlight (worn) {rElec rC+ EV+4 Stlth--}
   (You found it on level 9 of the Dungeon)

   It affects your evasion (+4).
   It protects you from cold.
   It insulates you from electricity.
   It makes you much less stealthy.
 Q - the +0 plate armour "Ighadgh" (worn) {rElec rPois MR++ Str+3}
   (Okawaru gifted it to you in an ice cave)

   It affects your strength (+3).
   It insulates you from electricity.
   It protects you from poison.
   It affects your resistance to hostile enchantments.
 Y - a scarf of harm
 Z - a +0 chain mail of poison resistance
Jewellery
 j - a +6 ring of dexterity (left hand)
 o - an uncursed ring of fire
 q - a ring of protection from magic (right hand)
 r - an uncursed ring of resist corrosion
 F - an uncursed ring of protection from fire
 S - an uncursed ring of protection from cold {unknown}
 V - an uncursed ring of protection from cold {unknown}
Wands
 x - a wand of flame (36)
 A - a wand of acid (21)
 M - a wand of paralysis (11)
 N - a wand of random effects (38)
 O - a wand of iceblast (11)
 U - a wand of disintegration (13)
 W - a wand of polymorph (9)
Scrolls
 e - 2 scrolls of fear
 h - a scroll of immolation
 l - a scroll of summoning
 n - 2 scrolls of identify
 t - 5 scrolls of enchant armour
 v - 4 scrolls of magic mapping
 w - a scroll of enchant weapon
 y - 4 scrolls of teleportation
 C - 8 scrolls of remove curse
 D - 2 scrolls of random uselessness {unknown}
 G - 2 scrolls of amnesia
 H - a scroll of holy word
 K - 2 scrolls of noise {unknown}
 T - 2 scrolls of fog
Potions
 d - a potion of might
 g - 2 potions of mutation
 k - 2 potions of degeneration {unknown}
 m - a potion of ambrosia
 p - a potion of curing
 s - a potion of berserk rage
 u - 3 potions of stabbing
 z - 2 potions of heal wounds {unknown}
 I - a potion of magic {unknown}
 R - 2 potions of resistance
 X - a potion of brilliance {unknown}
Miscellaneous
 P - a lightning rod (4/4)
Comestibles
 f - 16 rations
 i - 9 chunks of flesh


   Skills:
 + Level 12.2 Fighting
 + Level 16.8 Long Blades
 + Level 11.9 Armour
 + Level 4.0 Dodging
 + Level 1.4 Stealth
 + Level 15.1 Shields
 + Level 0.8 Invocations


You had 12 spell levels left.
You didn't know any spells.
Your spell library contained the following spells:

 Spells                   Type           Power        Failure   Level  Hunger
 Animate Skeleton         Necr           N/A          99%         1    ##.....
 Apportation              Tloc           #.....       99%         1    ##.....
 Corona                   Hex            #......      99%         1    ##.....
 Pain                     Necr           #...         99%         1    ##.....
 Sandblast                Erth           #.....       99%         1    ##.....
 Summon Small Mammal      Summ           #...         99%         1    ##.....
 Ensorcelled Hibernation  Hex/Ice        #.....       99%         2    ###....
 Passwall                 Tmut/Erth      #.......     99%         2    ###....
 Confusing Touch          Hex            #.......     100%        3    ####...
 Dazzling Flash           Conj/Hex       #.....       100%        3    ####...
 Stone Arrow              Conj/Erth      #.....       100%        3    ####...
 Tukima's Dance           Hex            #.......     100%        3    ####...
 Vampiric Draining        Necr           #.........   100%        3    ####...
 Animate Dead             Necr           N/A          100%        4    #####..
 Ice Form                 Ice/Tmut       #.......     100%        4    #####..
 Petrify                  Tmut/Erth      #.......     100%        4    #####..
 Agony                    Necr           #.......     100%        5    ######.
 Lee's Rapid Deconstruct  Erth           #.........   100%        5    ######.
 Metabolic Englaciation   Hex/Ice        #.........   100%        5    ######.
 Freezing Cloud           Conj/Ice/Air   #.........   100%        6    #######
 Ozocubu's Refrigeration  Ice            #.........   100%        6    #######
 Simulacrum               Ice/Necr       #.........   100%        6    #######


Dungeon Overview and Level Annotations

Branches:
Dungeon (13/15)            Temple (1/1) D:7            Lair (2/6) D:9
    Orc (2/2) D:11         Vaults (0/5) D:13          IceCv (visited)
  Swamp: Lair:2-4    Shoals: Lair:2-4     Snake: Lair:2-4    Spider: Lair:2-4
    Elf: Orc:2

Altars:
Ashenzari
Cheibriados
Elyvilon
Fedhas
Gozag
Hepliaklqana
Kikubaaqudgha
Okawaru
Ru
Trog
Uskayaw
Vehumet
Wu Jian
The Shining One

Shops:
D:6 =   D:9 %   D:10 ?*   D:12 }   D:13 (

Annotations:
D:3 3 runed translucent doors, tensugalgo's ghost, amateur MfSk
D:10 3 runed translucent doors


Innate Abilities, Weirdness & Mutations

You reflexively headbutt those who attack you in melee.
You have a pair of horns on your head.
You are partially covered in icy blue scales. (AC +2)
You are agile. (Dex +2)


Message History

The orc knight hits you with a +0 war axe!
* * * LOW HITPOINT WARNING * * *
There is a stone staircase leading up, spattered with blood here.
Okay, then.
The orc knight roars a battlecry!
The orc knight goes into a battle-frenzy!
You climb upwards.
There is a stone staircase leading down, spattered with blood here.
You feel better. You block the orc knight's attack.
You are confused.
You feel invigorated.
The orc knight hits you with a +0 war axe!
* * * LOW HITPOINT WARNING * * *
Unknown command.
You slice the orc knight!!
The orc knight is severely wounded.
The orc knight completely misses you.
Unknown command.
The orc knight hits you with a +0 war axe!!
You die...

####...###........#......#
##..#....#####.....##....##
#.........#.##....#.#...##
##.......#...#...........#
##.......[[.............####
#...#...)))#..........###.##
##.......[)......#.....##...#
##.#........................##
#.............@.........##.##
##.##.#.......o.......###...#
###..........>).........#..##
##...............#.........##
#...........................#
###.#........................#
##.##.....#..................##
#.........#.....#.............#
##.#.....#.....#....#....#<#.##


You could see an orc knight (strong).

Vanquished Creatures
  A frost giant (IceCv)
  An orc warlord (Orc:1)
  Josephine (D:12)
  Snorg (D:11)
  A hydra (Lair:1)
  A centaur warrior (D:10)
  3 vault guards (D:13)
  5 two-headed ogres
  A tengu warrior (D:10)
  2 death yaks (IceCv)
  An orc high priest (Orc:2)
  Nergalle (D:12)
  An unseen horror (D:11)
  A deep elf mage (D:10)
  An orc knight (Orc:2)
  An ugly thing (D:13)
  3 manticores
  A cyclops (Orc:1)
  A black mamba (Lair:2)
  An ice statue (IceCv)
  A gargoyle (D:13)
  2 spiny frogs
  A komodo dragon (Lair:2)
  3 rime drakes
  3 trolls
  13 polar bears (IceCv)
  2 hornets (D:10)
  2 hippogriffs
  A shadow (D:12)
  A spriggan (D:8)
  6 wraiths
  3 wyverns
  23 yaks
  8 humans (D:13)
  Grum (D:9)
  A steam dragon (D:10)
  3 hungry ghosts
  A warg (Orc:1)
  Edmund (D:6)
  An acid dragon (D:11)
  A soldier ant (D:13)
  A water moccasin (Lair:1)
  3 porcupines
  18 orc warriors
  3 ice beasts
  A hornet zombie (D:12)
  An eye of draining (D:13)
  2 sky beasts
  3 phantoms
  15 ogres
  21 wolves
  6 centaurs
  5 big kobolds
  5 crocodiles
  10 bullfrogs
  2 wyvern zombies
  A water moccasin zombie (D:5)
  3 scorpions
  A water moccasin skeleton (D:8)
  2 wyvern skeletons
  10 killer bees
  11 wights
  3 vampire bats (D:3)
  4 howler monkeys
  4 crimson imps
  3 centaur zombies
  7 hounds
  4 jellies
  14 orc priests
  3 centaur skeletons
  17 orc wizards
  3 bullfrog skeletons (D:4)
  Crazy Yiuf (D:5)
  7 iguanas
  6 worker ants
  2 hound zombies (D:9)
  3 hound skeletons
  A howler monkey zombie (D:5)
  5 gnolls
  Robin (D:3)
  13 adders
  2 shadow imps (D:7)
  2 oozes
  2 adder skeletons
  An adder zombie (D:6)
  4 worms
  2 dart slugs
  5 leopard geckos
  59 orcs
  3 ball pythons
  A bat skeleton (D:3)
  4 bat zombies (D:3)
  8 giant cockroaches
  12 goblins
  12 hobgoblins
  11 jackals
  2 quokkas
  3 bats
  6 frilled lizards
  A giant cockroach zombie (D:5)
  10 kobolds
  A leopard gecko skeleton (D:5)
  A leopard gecko zombie (D:6)
  A quokka skeleton (D:7)
  5 rats
490 creatures vanquished.

Vanquished Creatures (others)
  An unseen horror (D:11)
  A yak (IceCv)
  A human (D:13)
  4 wolves (IceCv)
7 creatures vanquished.

Grand Total: 497 creatures vanquished

Notes
Turn   | Place    | Note
-------+----------+-------------------------------------------
     0 | D:1      | Peloso the Minotaur Fighter began the quest for the Orb.
     0 | D:1      | Reached XP level 1. HP: 19/19 MP: 0/0
   105 | D:1      | Reached XP level 2. HP: 27/27 MP: 1/1
   422 | D:1      | Reached XP level 3. HP: 33/33 MP: 2/2
   711 | D:1      | Gained mutation: You are agile. (Dex +2) [potion of
                  | mutation]
   711 | D:1      | Gained mutation: You are partially covered in icy blue
                  | scales. (AC +2) [potion of mutation]
  1094 | D:2      | Reached XP level 4. HP: 40/40 MP: 3/3
  1282 | D:2      | Reached skill level 3 in Long Blades
  1459 | D:3      | Found a runed translucent gate.
  1459 | D:3      | Found a runed translucent gate.
  1459 | D:3      | Found a runed translucent gate.
  1493 | D:3      | Noticed tensugalgo's ghost (amateur MfSk)
  1497 | D:3      | Noticed Robin
  1691 | D:3      | Killed Robin
  1706 | D:3      | Reached XP level 5. HP: 32/46 MP: 4/4
  1845 | D:3      | Reached skill level 4 in Long Blades
  1851 | D:3      | Reached skill level 5 in Shields
  2317 | D:3      | Reached skill level 5 in Armour
  2317 | D:3      | Reached XP level 6. HP: 53/53 MP: 5/5
  2389 | D:3      | Found an ornate altar of the Wu Jian Council.
  2492 | D:3      | Reached skill level 5 in Long Blades
  2512 | D:3      | Found an ancient bone altar of Kikubaaqudgha.
  2676 | D:4      | Reached skill level 1 in Dodging
  2852 | D:4      | Reached skill level 6 in Long Blades
  2852 | D:4      | Reached XP level 7. HP: 34/60 MP: 6/6
  3027 | D:4      | Found an opulent altar of Gozag.
  3028 | D:4      | Found a white marble altar of Elyvilon.
  3029 | D:4      | Found a shattered altar of Ashenzari.
  3030 | D:4      | Found a blossoming altar of Fedhas.
  3031 | D:4      | Found a hazy altar of Hepliaklqana.
  3032 | D:4      | Found a bloodstained altar of Trog.
  3033 | D:4      | Found a glowing golden altar of the Shining One.
  3083 | D:4      | Reached skill level 5 in Fighting
  3929 | D:5      | Entered Level 5 of the Dungeon
  4082 | D:5      | Reached skill level 7 in Long Blades
  4167 | D:5      | Noticed a hungry ghost
  4182 | D:5      | Killed a hungry ghost
  4182 | D:5      | Reached XP level 8. HP: 66/70 MP: 7/7
  4357 | D:5      | Reached skill level 8 in Long Blades
  4789 | D:5      | Found a runed translucent door.
  4790 | D:5      | Noticed Crazy Yiuf
  4800 | D:5      | Killed Crazy Yiuf
  4977 | D:6      | Found Rifidel's Jewellery Boutique.
  4982 | D:6      | Bought a cursed ring of teleportation for 58 gold pieces
  5127 | D:6      | Reached skill level 9 in Long Blades
  5195 | D:6      | Reached XP level 9. HP: 78/78 MP: 8/8
  5711 | D:6      | Noticed Edmund
  5725 | D:6      | Killed Edmund
  6046 | D:7      | Reached skill level 10 in Long Blades
  6466 | D:7      | Found a staircase to the Ecumenical Temple.
  6480 | Temple   | Entered the Ecumenical Temple
  6512 | Temple   | Became a worshipper of Warmaster Okawaru
  6538 | D:7      | You fall into a shaft and drop 1 floor!
  6541 | D:8      | Noticed a two-headed ogre
  6593 | D:7      | Noticed a +0 dagger
  6594 | D:7      | Found a hide-covered altar of Uskayaw.
  6594 | D:7      | Noticed a +0 hand axe
  7012 | D:7      | Killed a two-headed ogre
  7012 | D:7      | Reached * piety under Okawaru
  7012 | D:7      | Reached XP level 10. HP: 74/88 MP: 9/9
  7114 | D:8      | Reached skill level 11 in Long Blades
  7280 | D:8      | Reached ** piety under Okawaru
  7380 | D:8      | Noticed a two-headed ogre
  7382 | D:8      | Found a hazy altar of Hepliaklqana.
  7406 | D:8      | Killed a two-headed ogre
  7949 | D:8      | Found a sacrificial altar of Ru.
  8009 | D:9      | Reached *** piety under Okawaru
  8069 | D:9      | Found a snail-covered altar of Cheibriados.
  8109 | D:9      | Noticed Grum
  8127 | D:9      | Killed Grum
  8309 | D:9      | Found a radiant altar of Vehumet.
  8361 | D:9      | Reached skill level 10 in Shields
  8456 | D:9      | Reached skill level 12 in Long Blades
  8482 | D:9      | Found a staircase to the Lair.
  8511 | D:9      | Found the +1 cloak of Starlight {rElec rC+ EV+4 Stlth--}
  8842 | D:9      | Found Wiskogox's Food Boutique.
  8842 | D:9      | Noticed a manticore
  8851 | D:9      | Killed a manticore
  8851 | D:9      | Reached XP level 11. HP: 85/95 MP: 10/10
  9009 | D:10     | Entered Level 10 of the Dungeon
  9041 | D:10     | Paralysed by a hornet for 1 turns
  9048 | D:10     | Reached **** piety under Okawaru
  9331 | D:10     | Found a runed translucent door.
  9332 | D:10     | Found a runed translucent door.
  9332 | D:10     | Noticed an ice dragon
  9336 | D:10     | Noticed a yaktaur captain
  9339 | D:10     | Found a runed translucent door.
  9410 | D:10     | Found Woitwiov's Lightly-Used Armoury.
  9430 | D:10     | Bought a -2 demon blade for 75 gold pieces
  9433 | D:10     | Found Fesmolif's Magic Scroll Shop.
  9455 | D:10     | Bought a -1 double sword for 150 gold pieces
  9468 | D:10     | Bought a scroll of magic mapping for 42 gold pieces
  9468 | D:10     | Bought a scroll of enchant weapon for 90 gold pieces
  9581 | D:10     | Noticed a centaur warrior
  9581 | D:10     | Noticed a deep elf mage
  9581 | D:10     | Noticed a tengu warrior
  9593 | D:10     | Killed a tengu warrior
  9593 | D:10     | Reached skill level 13 in Long Blades
  9601 | D:10     | Killed a deep elf mage
  9610 | D:10     | Killed a centaur warrior
  9610 | D:10     | Reached skill level 1 in Stealth
  9634 | D:10     | Reached skill level 10 in Armour
  9747 | D:10     | Noticed an eight-headed hydra
 10015 | Lair:1   | Entered Level 1 of the Lair of Beasts
 10066 | Lair:1   | Found a frozen archway.
 10089 | IceCv    | Entered an ice cave
 10159 | IceCv    | Reached ***** piety under Okawaru
 10322 | IceCv    | Received a gift from Okawaru
 10325 | IceCv    | Got an encrusted plate armour {god gift}
 10340 | IceCv    | Identified the +0 plate armour "Ighadgh" {rElec rPois MR++
                  | Str+3} (Okawaru gifted it to you in an ice cave)
 10474 | IceCv    | Reached skill level 14 in Long Blades
 10510 | IceCv    | Noticed a death yak
 10510 | IceCv    | Noticed a death yak
 10533 | IceCv    | Killed a death yak
 10537 | IceCv    | Killed a death yak
 10537 | IceCv    | Reached XP level 12. HP: 77/106 MP: 11/11
 10815 | IceCv    | Noticed a frost giant
 10839 | IceCv    | Killed a frost giant
 10839 | IceCv    | Reached skill level 10 in Fighting
 10866 | IceCv    | Reached skill level 15 in Long Blades
 12173 | Lair:2   | Noticed a seven-headed hydra
 12184 | Lair:1   | Killed a 14-headed hydra
 12184 | Lair:1   | Received a gift from Okawaru
 12638 | Lair:2   | Noticed an eight-headed hydra
 13263 | D:11     | Noticed a two-headed ogre
 13274 | D:11     | Killed a two-headed ogre
 13339 | D:11     | Found a staircase to the Orcish Mines.
 13383 | D:11     | Noticed a two-headed ogre
 13396 | D:11     | Killed a two-headed ogre
 13396 | D:11     | Reached XP level 13. HP: 116/116 MP: 12/12
 13491 | D:11     | Noticed Snorg
 13495 | D:11     | Killed Snorg
 14116 | D:12     | Found Bileh's Gadget Shoppe.
 14204 | D:12     | Reached skill level 16 in Long Blades
 14601 | D:12     | Noticed Josephine
 14616 | D:12     | Killed Josephine
 14616 | D:12     | Received a gift from Okawaru
 14835 | D:12     | Noticed Nergalle
 14846 | D:12     | Killed Nergalle
 15037 | D:13     | Found Maowky's Weapon Emporium.
 15166 | D:13     | Reached ****** piety under Okawaru
 15576 | D:13     | Found a gate to the Vaults.
 15770 | Orc:1    | Entered Level 1 of the Orcish Mines
 16064 | Orc:2    | Entered Level 2 of the Orcish Mines
 16160 | Orc:2    | Received a gift from Okawaru
 16269 | Orc:2    | Noticed an orc warlord
 16299 | Orc:1    | Killed an orc warlord
 16299 | Orc:1    | Reached skill level 15 in Shields
 16553 | Orc:1    | Slain by an orc knight

Illustrated notes

Levels and vault maps discovered:
D:1:      evilmike_arrival_hilbert_curve, layout_loops_ring
D:2:      layout_basic
D:3:      layout_loops_cross, lemuel_doored_altar, kennysheep_vampire_church,
          first_ration, gammafunk_ghost_icy, serial_bayou_ford_a, uniq_robin
D:4:      layout_basic, minitemple, minmay_quadrilaterals
D:5:      layout_loops_ring, chequers_serial_rivers_micro_a,
          uniq_crazy_yiuf_cottage
D:6:      layout_loops_ring, serial_shops, shop, minmay_unpleasant_kobolds,
          uniq_edmund
D:7:      layout_cave_pools, dancing_weapons_uskayaw,
          minmay_temple_entry_offerings, eino_tiny_chamber
D:8:      layout_loops_cross, nicolae_ru_path_of_blood, grunt_pizzeria,
          minmay_ruined_shrine
D:9:      layout_cross, nicolae_overflow_crystal_walls, cheibrodos_worm_habitat,
          lair_entry_dummy, serial_shops, nicolae_shop_stone, nicolae_sextant,
          kennysheep_generic_room_14, uniq_grum
D:10:     minmay_the_grid_triangle_9x9_recursive_2
          [minmay_the_grid_triangle_9x9_prize_schism,
          minmay_the_grid_triangle_9x9_swiss_cheese,
          minmay_the_grid_triangle_9x9_fully_insulated_deathbox,
          minmay_the_grid_triangle_9x9_corruption], layout_basic, serial_shops,
          shop_statue, roderic_roman_lattice, minmay_shop_damaged, uniq_erica
D:11:     layout_roguey, hiddenorc1_lemuel, minmay_statues_item, uniq_snorg
D:12:     layout_cave_pods, serial_shops, nicolae_shop_window_shopping,
          uniq_josephine, uniq_nergalle
D:13:     layout_long_grid, ximxim_vaults_locker_room, serial_shops, shop
Temple:   nicolae_temple_figure_zero
Lair:1:   layout_cave_shapes, portal_ice_cave_rime,
          grunt_forest_small_clearings, minmay_holes, grunt_megastairs_5
Lair:2:   layout_hall_layers, minivault_11
Orc:1:    layout_caves, basic_altar, serial_shops, shop
Orc:2:    grunt_orc_tribal_feast, layout_caves, nicolae_orc_flooded_monolith,
          statue_in_the_mist_lemuel

Skill      XL: |  1  2  3  4  5  6  7  8  9 10 11 12 13 |
---------------+----------------------------------------+-----
Fighting       | 4 5 6 7 8 9 11 12 | 12.2
Armour         | 4 5 6 8 9 10 11 | 11.9
Shields        | 4 5 6 7 8 10 12 13 15 | 15.1
Long Blades    | 3 4 6 7 9 10 12 14 15 16 | 16.8
Dodging        | 1 2 3 4 |  4.0
Stealth        | 1 |  1.4
Invocations    | |  0.8

Action                   |  1- 3 |  4- 6 |  7- 9 | 10-12 | 13-15 || total
-------------------------+-------+-------+-------+-------+-------++-------
Melee: Long sword        |    69 |   153 |   360 |   244 |       ||   826
       Headbutt          |    17 |    42 |   109 |   237 |   142 ||   547
       Double sword      |       |       |       |   432 |   345 ||   777
Invok: Heroism           |       |       |       |     5 |     1 ||     6
  Use: Potion            |     1 |     1 |       |     4 |     2 ||     8
       Scroll            |       |       |     6 |    14 |       ||    20
  Eat: Chunk             |     1 |     5 |    11 |    16 |    10 ||    43
       Ration            |       |       |     2 |     2 |       ||     4
Armor: Scale mail        |    23 |       |       |       |       ||    23
       Chain mail        |    14 |   109 |    72 |       |       ||   195
       Plate armour      |       |       |    50 |   248 |    87 ||   385
Dodge: Dodged            |    21 |    38 |    68 |   231 |   110 ||   468
Block: Kite shield       |    39 |   112 |   177 |   505 |   271 ||  1104
       Rpst.: Long sword |    10 |    11 |    17 |    14 |       ||    52
       Double sword      |       |       |       |    23 |    24 ||    47
